 Dungeon Crawl Stone Soup version 0.31-a0-640-g39d97e502b (webtiles) character file.

Game seed: 13303954786674050887

20971 Mickster the Severer (level 12, -1/108 HPs)
             Began as a Hill Orc Berserker on Aug 28, 2023.
             Was an Elder of Trog.
             Slain by an orc
             ... wielding a +0 flail
              (8 damage)
             ... on level 12 of the Dungeon.
             The game lasted 01:13:00 (9246 turns).

Mickster the Severer (Hill Orc Berserker)           Turns: 9246, Time: 01:13:00

Health: -1/108     AC: 29    Str: 32    XL:     12   Next: 85%
Magic:  12/12      EV:  9    Int:  7    God:    Trog [****..]
Gold:   560        SH:  0    Dex: 14    Spells: 11/11 levels left

rFire   . . .        T - +3 battleaxe (freeze)
rCold   + . .        (shield currently unavailable)
rNeg    . . .        u - +1 plate armour
rPois   .            G - +2 helmet
rElec   .            R - +2 cloak {Stlth+}
rCorr   .            e - +1 pair of gloves
SInv    .            o - +0 pair of boots of the Guardian {rC+ Str+3 Dex+2}
Will    .....        U - amulet of regeneration Stlth
                     z - +6 ring of strength
HPRegen 1.18/turn    h - +4 ring of protection
MPRegen 0.13/turn

%: no passive effects
@: lethally poisoned (-1 -> -2), on berserk cooldown, slowed, very slow
A: no striking features
a: Renounce Religion, Convert to Beogh, Berserk, Trog's Hand, Brothers in Arms


You were on level 12 of the Dungeon.
You worshipped Trog.
Trog was greatly pleased with you.
You visited 1 branch of the dungeon, and saw 12 of its levels.

You collected 670 gold pieces.
You spent 110 gold pieces at shops.

Inventory:

Hand Weapons
 f - a +2 short sword of venom
 r - a +0 falchion of holy wrath
 C - a +2 sling of electrocution
 I - a +5 vampiric dagger
 M - a +1 hand axe of flaming
 N - a +4 falchion
 O - a +2 morningstar
 T - a +3 battleaxe of freezing (weapon)
Missiles
 d - 19 poisoned darts
 i - 3 throwing nets
 j - 8 javelins (quivered)
 m - 2 atropa-tipped darts
 q - 17 boomerangs
 D - 4 curare-tipped darts
Armour
 e - a +1 pair of gloves (worn)
 n - a +1 helmet
 o - the +0 pair of boots of the Guardian (worn) {rC+ Str+3 Dex+2}
   (You acquired it on level 3 of the Dungeon)

   Str+3:     It affects your strength (+3).
   Dex+2:     It affects your dexterity (+2).
   rC+:       It protects you from cold.
 u - a +1 plate armour (worn)
 y - a +2 cloak
 E - the +0 pair of boots of the Apricot {Regen+}
   (You found it on level 5 of the Dungeon)

   Regen+:    It increases your rate of health regeneration.
 G - a +2 helmet (worn)
 L - a +2 buckler of reflection
 R - a +2 cloak of stealth (worn)
Jewellery
 h - a +4 ring of protection (right hand)
 z - a +6 ring of strength (left hand)
 A - an amulet of reflection
 U - an amulet of regeneration (around neck)
 V - a ring of positive energy
 W - a ring of willpower
Talismans
 b - a flux talisman
Wands
 k - a wand of light (1)
 v - a wand of roots (34)
 Q - a wand of charming (6)
Scrolls
 a - a scroll of noise {unknown}
 p - 3 scrolls of silence
 t - a scroll of fog
 x - 2 scrolls of teleportation
 H - a scroll of blinking
 J - 2 scrolls of fear
Potions
 c - 4 potions of curing
 s - a potion of resistance {unknown}
 w - 2 potions of invisibility
 B - a potion of might
 F - a potion of haste {unknown}
 K - 2 potions of brilliance
 S - 5 potions of heal wounds
 Y - a potion of enlightenment {unknown}


   Skills:
 + Level 10.6 Fighting
 - Level 5.3 Short Blades
 * Level 20.8 Axes
 + Level 1.4 Throwing
 + Level 8.6 Armour
 + Level 2.8 Dodging
 + Level 0.8 Stealth
 + Level 2.0 Shields
 + Level 0.3 Evocations


You had 11 spell levels left.
You didn't know any spells.
Your spell library was empty.

Dungeon Overview and Level Annotations

Branches:
Dungeon (12/15)            Temple (0/1) D:7             Orc (0/2) D:12
   Lair: D:8-11

Altars:
Dithmenos
Fedhas
Kikubaaqudgha
Sif Muna
Uskayaw
Vehumet
The Shining One
Beogh

Shops:
D:2 *   D:4 (   D:9 **


Message History

Trog accepts your kill.
You feel very sick.
An orc comes into view. It is wielding a +0 club.
You slash the orc knight! You freeze the orc knight.
The orc knight is moderately wounded.
You feel very sick.
You barely miss the orc knight.
The orc knight is moderately wounded.
You feel very sick.
The orc knight hits you with a +0 broad axe.
* * * LOW HITPOINT WARNING * * *
You slice the orc knight!! You freeze the orc knight!
The orc knight is severely wounded.
You barely miss the orc.
You feel sick.
The orc knight hits you but does no damage.
You barely miss the orc warrior. You slice the orc knight!!
You freeze the orc knight.
You kill the orc knight!
Trog accepts your kill.
You feel sick.
You closely miss the orc warrior.
You feel sick.
You slice the orc!! You freeze the orc.
You kill the orc!
Trog accepts your kill.
You can now call in reinforcements.
You slash the orc warrior! You freeze the orc warrior.
You feel sick.
The orc warrior hits you with a +0 hand axe!
* * * LOW HITPOINT WARNING * * *
You closely miss the orc. You closely miss the orc warrior.
You feel sick.
The orc warrior no longer looks unusually strong.
The orc warrior barely misses you.
You hit the orc. You freeze the orc.
The orc is moderately wounded.
You closely miss the orc. You hit the orc warrior. You freeze the orc warrior.
You feel sick.
The orc warrior hits you but does no damage.
The orc priest mumbles some strange prayers to Beogh against you.
Beogh smites you!
* * * LOW HITPOINT WARNING * * *
The orc barely misses you. The orc hits you with a +0 flail!
You die...

#.# #...
#....######..# ..#
#.... ..........#
..# #....
..........# ###
#....######.......#
#......(..#.......#
##.........#.......#
...........#.......#
..........†#.......#
......o@o).#.......#
8#####8o8##........#
.8oooooo#........#
....oooo.#........#
######
⌠.._..oo..#........#
.....#
..........#........#
######
...>......#........#
.....#
###########........#
.....# ......####


You could see an orc warrior, 2 orc priests and 12 orcs.

Vanquished Creatures
  Harold (D:10)
  A rakshasa (D:11)
  A salamander tyrant (D:12)
  2 boulder beetles
  3 skeletal warriors (D:12)
  An orc knight (D:12)
  A deep elf pyromancer (D:12)
  A manticore (D:12)
  3 cyclopes
  Maurice (D:9)
  Joseph (D:10)
  A gargoyle (D:12)
  A komodo dragon (D:9)
  2 unseen horrors
  3 trolls
  Grinder (D:3)
  5 slime creatures
  A shadow (D:9)
  2 wraiths
  21 yaks
  2 wyverns
  2 fire elementals (D:12)
  3 vampire mosquitoes (D:10)
  A steam dragon (D:8)
  6 water moccasins
  6 orc warriors
  3 black bears
  3 ice beasts
  2 ogres (D:6)
  3 centaurs
  A phantom (D:4)
  A kobold brigand (D:5)
  A gnoll sergeant (D:7)
  5 bullfrogs
  7 scorpions
  10 wights
  2 howler monkeys
  5 orc priests
  2 jellies (D:6)
  A gnoll bouda (D:7)
  6 hounds
  7 iguanas
  3 sleepcaps
  Jessica (D:3)
  Ijyb (D:5)
  17 orc wizards
  Robin (D:2)
  8 adders
  13 gnolls
  A shadow imp (D:6)
  3 white imps
  An ufetubus (D:6)
  2 worms (D:2)
  3 dart slugs
  40 orcs
  4 ball pythons
  7 bats
  3 endoplasms
  2 giant cockroaches
  13 goblins
  9 hobgoblins
  5 quokkas
  5 frilled lizards
  11 kobolds
  4 rats
  A spectral hobgoblin (D:1)
290 creatures vanquished.

Vanquished Creatures (collateral kills)
  A kobold demonologist (D:12)
  A water elemental (D:11)
  A yak (D:10)
  2 electric eels (D:11)
  2 howler monkeys (D:10)
7 creatures vanquished.

Vanquished Creatures (others)
  An orc (D:8)
1 creature vanquished.

Grand Total: 298 creatures vanquished

Notes
Turn   | Place    | Note
-------+----------+-------------------------------------------
     0 | D:1      | Mickster the Hill Orc Berserker began the quest for the
                  | Orb.
     0 | D:1      | Reached XP level 1. HP: 19/19 MP: 1/1
     1 | D:1      | Noticed an electric eel
   175 | D:1      | Reached XP level 2. HP: 27/27 MP: 2/2
   295 | D:1      | Found a faded altar of an unknown god.
   612 | D:1      | Reached XP level 3. HP: 33/33 MP: 3/3
   838 | D:2      | Reached ** piety under Trog
  1027 | D:2      | Noticed Robin
  1036 | D:2      | Reached skill level 1 in Short Blades
  1062 | D:2      | HP: 1/33 [Robin/+0 short sword (3)]
  1065 | D:2      | Killed Robin
  1066 | D:2      | Reached XP level 4. HP: 2/40 MP: 4/4
  1303 | D:2      | Found Uschampe's Assorted Antiques.
  1521 | D:3      | Noticed Jessica
  1535 | D:3      | Killed Jessica
  1545 | D:3      | Identified a scroll of acquirement
  1545 | D:3      | Acquired the +0 pair of boots of the Guardian {rC+ Str+3
                  | Dex+2}
  1734 | D:3      | Reached XP level 5. HP: 47/47 MP: 5/5
  1756 | D:3      | Noticed Grinder
  1757 | D:3      | Paralysed by Grinder for 2 turns
  1792 | D:3      | Killed Grinder
  1793 | D:3      | Reached XP level 6. HP: 33/53 MP: 6/6
  1875 | D:3      | You fall into a shaft and drop 1 floor!
  1998 | D:4      | Found Vigisul's Antique Weapon Shop.
  2322 | D:4      | Reached skill level 5 in Short Blades
  2322 | D:4      | Reached XP level 7. HP: 60/60 MP: 7/7
  2364 | D:4      | Reached skill level 5 in Fighting
  2373 | D:4      | Bought a battleaxe for 110 gold pieces
  2650 | D:4      | Reached skill level 5 in Axes
  3290 | D:5      | Entered Level 5 of the Dungeon
  3332 | D:5      | Noticed Ijyb
  3340 | D:5      | Killed Ijyb
  3341 | D:5      | Reached skill level 6 in Axes
  3538 | D:5      | Reached XP level 8. HP: 69/69 MP: 8/8
  3724 | D:5      | Reached skill level 7 in Axes
  3768 | D:5      | Reached skill level 5 in Armour
  3780 | D:5      | Reached skill level 8 in Axes
  3817 | D:5      | Noticed a yak
  3817 | D:5      | Noticed a wraith
  3826 | D:5      | Killed a wraith
  3826 | D:5      | Killed a yak
  3827 | D:5      | Reached skill level 9 in Axes
  3840 | D:5      | Identified the +0 pair of boots of the Apricot {Regen+}
  3931 | D:5      | Reached skill level 10 in Axes
  3954 | D:5      | Reached *** piety under Trog
  3956 | D:5      | Reached XP level 9. HP: 67/75 MP: 9/9
  3959 | D:5      | Reached skill level 11 in Axes
  4207 | D:6      | Noticed a +0 short sword
  4210 | D:6      | Noticed a +0 falchion
  4211 | D:6      | Noticed a +0 dagger
  4215 | D:6      | Noticed a +0 falchion
  4215 | D:6      | Noticed a +0 short sword
  4217 | D:6      | Noticed a +0 spear
  4217 | D:6      | Noticed a +0 dagger
  4218 | D:6      | Noticed a +0 spear
  4227 | D:6      | Found a hide-covered altar of Uskayaw.
  4274 | D:6      | Found a shadowy altar of Dithmenos.
  4282 | D:6      | Found a glowing golden altar of the Shining One.
  4302 | D:6      | Found a blossoming altar of Fedhas.
  4413 | D:6      | Reached skill level 12 in Axes
  4846 | D:7      | Reached skill level 13 in Axes
  5048 | D:7      | Reached **** piety under Trog
  5339 | D:7      | Reached XP level 10. HP: 83/84 MP: 10/10
  5393 | D:7      | Found a staircase to the Ecumenical Temple.
  5694 | D:8      | Reached skill level 14 in Axes
  5702 | D:8      | Reached skill level 1 in Throwing
  6063 | D:8      | Reached skill level 1 in Shields
  6073 | D:8      | Reached skill level 15 in Axes
  6595 | D:9      | Found Hoihunn's General Store.
  6601 | D:9      | Found Cigaotz's Specific Store.
  6642 | D:9      | Noticed Maurice
  6654 | D:9      | Killed Maurice
  6703 | D:9      | Reached skill level 16 in Axes
  6720 | D:10     | Entered Level 10 of the Dungeon
  6725 | D:10     | Noticed Joseph
  6733 | D:10     | Reached XP level 11. HP: 57/94 MP: 11/11
  7003 | D:10     | Killed Joseph
  7082 | D:10     | Reached skill level 17 in Axes
  7108 | D:10     | Noticed Harold
  7122 | D:10     | Killed Harold
  7244 | D:10     | Found an ancient bone altar of Kikubaaqudgha.
  7244 | D:10     | Found a shimmering blue altar of Sif Muna.
  7246 | D:10     | Found a radiant altar of Vehumet.
  7732 | D:11     | Noticed a rakshasa
  7742 | D:11     | Noticed a boulder beetle
  7749 | D:11     | Killed a boulder beetle
  7757 | D:11     | Reached skill level 18 in Axes
  7767 | D:11     | Killed a rakshasa
  8067 | D:11     | Noticed a cyclops
  8097 | D:11     | Killed a cyclops
  8177 | D:11     | Reached XP level 12. HP: 105/105 MP: 12/12
  8449 | D:11     | Reached skill level 19 in Axes
  8668 | D:12     | Noticed a salamander tyrant
  8676 | D:12     | Killed a salamander tyrant
  8677 | D:12     | Reached skill level 10 in Fighting
  8689 | D:12     | Noticed a boulder beetle
  8723 | D:12     | Killed a boulder beetle
  8889 | D:12     | Reached skill level 20 in Axes
  9222 | D:12     | Found a roughly hewn altar of Beogh.
  9222 | D:12     | Found a staircase to the Orcish Mines.
  9246 | D:12     | Slain by an orc

Illustrated notes

Levels and vault maps discovered:
D:1:      arrival_aquarium_a, layout_basic,
          dreamdust_ecumenical_altar_drowned_temple, minmay_ruptured
D:2:      layout_rooms, serial_shops, nicolae_shop_tiny_glass, uniq_robin
D:3:      layout_rooms, uniq_crazy_yiuf_cottage, uniq_jessica, uniq_grinder
D:4:      layout_layer_cave, serial_shops, nicolae_shop_advertising_works
          [nicolae_subvault_shop_adworks], minmay_close_crescents
D:5:      kennysheep_windowed_halls, layout_rooms,
          amcnicky_mini_corridor_feature, uniq_ijyb
D:6:      layout_rooms, nicolae_uskayaw_en_pointe, grunt_temple_overflow_open,
          serial_bayou_crossing
D:7:      layout_cave_pools, minmay_temple_entry_stoned_glass
D:8:      layout_basic
D:9:      layout_layer_cave, due_lair_maze_entry_diamond,
          minmay_misc_feat_ornament, nicolae_specific_store, uniq_jeremiah,
          uniq_maurice
D:10:     layout_rooms, grunt_temple_overflow_magic_moments, uniq_joseph,
          uniq_harold
D:11:     layout_gridville, serial_bayou_ford_a
D:12:     minmay_firetagon, layout_irregular_city, david_orc_5,
          corexii_leaking_fountain

Skill      XL: |  1  2  3  4  5  6  7  8  9 10 11 12 |
---------------+-------------------------------------+-----
Fighting       | 4 5 6 8 9 10 | 10.6
Short Blades   | 1 2 4 5 |  5.3
Dodging        | 2 |  2.8
Armour         | 3 4 5 6 7 8 |  8.6
Axes           | 6 10 13 16 18 20 | 20.8
Throwing       | 1 |  1.4
Shields        | 2 |  2.0
Stealth        | |  0.8
Evocations     | |  0.3

Action                     |  1- 3 |  4- 6 |  7- 9 | 10-12 || total
---------------------------+-------+-------+-------+-------++-------
  Melee: Hand axe          |    62 |       |    37 |    68 ||   167
         Short sword       |    63 |   117 |    11 |       ||   191
         Punch             |     1 |       |     2 |     3 ||     6
         Battleaxe         |       |       |   206 |   261 ||   467
  Throw: Dart              |       |       |     2 |     4 ||     6
         Javelin           |       |       |       |     2 ||     2
 Invoke: Berserk           |     1 |     4 |     6 |    12 ||    23
         Trog's Hand       |       |     5 |     4 |     4 ||    13
         Brothers in Arms  |       |       |       |     5 ||     5
  Evoke: Wand              |       |       |     2 |     2 ||     4
    Use: Scroll            |     6 |     3 |     6 |    10 ||    25
         Potion            |       |     2 |       |       ||     2
 Armour: Chain mail        |    85 |    33 |       |       ||   118
         Animal skin       |     3 |       |       |       ||     3
         Plate armour      |       |     8 |   290 |   232 ||   530
  Dodge: Dodged            |    64 |    43 |   134 |   122 ||   363
  Block: Other             |       |       |       |    13 ||    13

Table legend: (Time is in decaauts)
 A = Elapsed time spent in this place.
 B = Non-inter-level travel time spent in this place.
 C = Inter-level travel time spent in this place.
 D = Time resting spent in this place.
 E = Time spent auto-exploring this place.
 F = Levels seen in this place.
 G = Mean time per level.
                   A        B        C        D        E       F      G
               +--------+--------+--------+--------+--------+-----+--------+
         Total |   9412 |   9294 |    118 |    835 |   4585 |  12 |  784.3 |
       Dungeon |   9412 |   9294 |    118 |    835 |   4585 |  12 |  784.3 |
               +--------+--------+--------+--------+--------+-----+--------+

Top non-repeatable levels by time:
     D:4: 1420 daAuts
    D:11: 1195 daAuts
     D:5: 984 daAuts
     D:8: 915 daAuts
     D:7: 872 daAuts
     D:1: 768 daAuts
    D:10: 757 daAuts
     D:2: 693 daAuts
     D:6: 624 daAuts
    D:12: 602 daAuts
     D:3: 445 daAuts
     D:9: 133 daAuts
